 Dungeon Crawl Stone Soup version 0.31.0-9-g3a7656b989 (webtiles) character file.

Game seed: 6802890492880557809

1951 Eitelfritz the Cleaver (level 9, -1/62 HPs)
             Began as a Hill Orc Fighter on Feb 2, 2024.
             Was a Follower of Uskayaw.
             Killed from afar by a wretched star (25 damage)
             ... with a lance of force
             ... on level 1 of the Abyss.
             The game lasted 00:12:40 (6549 turns).

Eitelfritz the Cleaver (Hill Orc Fighter)           Turns: 6549, Time: 00:12:42

Health: -1/62      AC: 13    Str: 23    XL:     9   Next: 18%
Magic:  8/11       EV: 13    Int:  8    God:    Uskayaw [*.....]
Gold:   185        SH:  4    Dex: 10    Spells: 8/8 levels left

rFire   x x x        a - +8 war axe
rCold   . . .        c - +0 buckler
rNeg    . . .        g - +0 chain mail
rPois   .            l - +2 helmet
rElec   .            e - +0 cloak
rCorr   .            y - +1 pair of gloves
SInv    .            (no boots)
Will    +....        (no amulet) Stlth
                     u - ring of willpower
HPRegen 0.00/turn    J - +5 ring of evasion
MPRegen 0.12/turn

%: no passive effects
@: sick
A: low MP 1, no potion heal 1, [deformed body], [frail 2], [heat vulnerability
3], [inability to drink after injury 2]
a: Renounce Religion, Stomp


You were on level 1 of the Abyss.
You worshipped Uskayaw.
Uskayaw was noncommittal.
You visited 2 branches of the dungeon, and saw 8 of its levels.
You visited the Abyss 1 time.
You also visited: Sewer.

You collected 620 gold pieces.
You spent 435 gold pieces at shops.

Inventory:

Hand Weapons
 a - a +8 war axe (weapon)
 b - a +0 sling
 f - a +2 flail of holy wrath
 m - a +0 war axe
Missiles
 B - 10 poisoned darts (quivered)
Armour
 c - a +0 buckler (worn)
 e - a +0 cloak (worn)
 g - a +0 chain mail (worn)
 l - a +2 helmet (worn)
 s - a +1 ring mail of willpower
 y - a +1 pair of gloves (worn)
Jewellery
 i - a +6 ring of dexterity
 r - a +6 ring of strength
 u - a ring of willpower (left hand)
 D - a ring of resist corrosion
 J - a +5 ring of evasion (right hand)
Wands
 o - a wand of paralysis (20)
 H - a wand of flame (66)
Scrolls
 h - 3 scrolls of teleportation
 k - 4 scrolls of poison
 n - a scroll of vulnerability
 t - a scroll of revelation {unknown}
 v - a scroll of immolation
 x - 2 scrolls of fog
 C - 6 scrolls of amnesia
Potions
 d - 2 potions of might
 j - 4 potions of curing
 p - a potion of mutation
 q - 3 potions of magic
 w - a potion of lignification {unknown}
 z - a potion of cancellation {unknown}
 A - a potion of degeneration {unknown}
 G - 3 potions of brilliance
 I - a potion of heal wounds {unknown}
 K - 2 potions of haste {unknown}


   Skills:
 + Level 6.5 Fighting
 + Level 10.4 Axes
 + Level 6.2 Armour
 + Level 1.0 Dodging
 + Level 1.6 Stealth
 + Level 4.4 Shields
 * Level 5.3 Invocations


You had 8 spell levels left.
You didn't know any spells.
Your spell library contained the following spells:

 Spells                   Type           Power      Damage    Failure   Level
 Magic Dart               Conj           0%         1d3       95%         1
 Blink                    Tloc           0%         N/A       99%         2
 Call Imp                 Summ           0%         N/A       99%         2
 Fugue of the Fallen      Necr           0%         N/A       100%        3
 Gell's Gravitas          Tloc           0%         N/A       100%        3
 Ozocubu's Armour         Ice            0%         N/A       100%        3
 Stone Arrow              Conj/Erth      0%         3d7       100%        3
 Teleport Other           Tloc           0%         N/A       100%        3
 Animate Dead             Necr           0%         N/A       100%        4
 Leda's Liquefaction      Alch/Erth      0%         N/A       100%        4
 Manifold Assault         Tloc           0%         N/A       100%        4
 Dispersal                Tloc           0%         N/A       100%        6
 Lehudib's Crystal Spear  Conj/Erth      0%         10d2      100%        8


Dungeon Overview and Level Annotations

Branches:
Dungeon (7/15)             Temple (1/1) D:5           Sewer (visited)

Altars:
Ashenzari
Cheibriados
Dithmenos
Elyvilon
Fedhas
Gozag
Hepliaklqana
Kikubaaqudgha
Makhleb
Nemelex Xobeh
Okawaru
Qazlal
Ru
Sif Muna
Trog
Uskayaw
Vehumet
Wu Jian
Xom
Yredelemnul
Zin
The Shining One

Shops:
D:1 ?

Annotations:
D:7 Maggie


Innate Abilities, Weirdness & Mutations

Your magical capacity is low. (-10% MP)
Potions are less effective at restoring your health.
[Armour fits poorly on your strangely shaped body.]
[You are very frail. (-20% HP)]
[You are extremely vulnerable to heat. (rF---)]
[You sometimes lose the ability to drink potions when taking damage.]


Message History

Something gnaws on your mind!
You feel your power leaking away.
You feel ill.
The wretched star pulses with an eldritch light!
You feel frail. x2; You feel vulnerable to heat. x2
The wretched star pulses with an eldritch light!
You feel vulnerable to heat.
You occasionally lose the ability to drink potions when taking damage.
You lose the ability to drink potions when taking damage more often.
Unknown command.
The wretched star pulses with an eldritch light!
Your body twists and deforms.
The neqoxec gestures at you. Something gnaws on your mind!
You feel your power leaking away.
The ancient zyme hits you but does no damage.
You block the ancient zyme's attack.
The ancient zyme attacks as it pursues you!
The ancient zyme hits you but does no damage. x2
The neqoxec gestures at you.
Strange energies course through your body.
You feel less energetic. The neqoxec gestures at you.
Strange energies course through your body.
Your system partially rejects the healing effects of potions.
You hit the wretched star.
The wretched star is lightly damaged.
You barely miss the ancient zyme. You hit the neqoxec.
You block the ancient zyme's attack. The ancient zyme hits you.
You feel ill. The neqoxec gestures at you. Something gnaws on your mind!
You feel your power leaking away.
You barely miss the wretched star.
The wretched star is lightly damaged.
You completely miss the ancient zyme. You barely miss the neqoxec.
The ancient zyme barely misses you. The ancient zyme misses you.
The neqoxec closely misses you.
The wretched star glows turbulently.
The lance of force hits you!!
You die...

#. ## . . . .
#.. .. #.# ##.#
.# ....####.##
..... #......#
....
.##......#####
....
..........*@x##
. . ..
........#3#.#
.. . ..
......##..###
... ....
........#. .#
......
.........###..#
#.##
##.#...####
#..# #. .
#.##.#. # ###.#
.. ## #.#..# ##
#. #..# .#


You could see a wretched star, an ancient zyme and a neqoxec.

Vanquished Creatures
  Joseph (D:7)
  A steam dragon (D:4)
  2 black bears
  2 ogres (D:5)
  A phantom (D:6)
  A kobold brigand (D:4)
  A gnoll sergeant (D:7)
  A bullfrog (D:7)
  2 scorpions
  A howler monkey (D:6)
  3 jellies
  3 bombardier beetles
  A hound (D:6)
  2 orc priests (D:6)
  Crazy Yiuf (D:5)
  3 iguanas (D:5)
  4 orc wizards
  A hell rat (Sewer)
  3 gnolls (D:7)
  5 adders
  A river rat (D:5)
  A shadow imp (D:5)
  3 white imps
  An ufetubus (D:5)
  A dart slug (D:5)
  24 orcs
  5 ball pythons
  4 bats
  6 endoplasms
  4 giant cockroaches
  6 goblins
  2 hobgoblins (D:1)
  8 jackals
  4 kobolds
  2 quokkas
  5 frilled lizards
  15 rats
131 creatures vanquished.

Notes
Turn   | Place    | Note
-------+----------+-------------------------------------------
     0 | D:1      | Eitelfritz the Hill Orc Fighter began the quest for the
                  | Orb.
     0 | D:1      | Reached XP level 1. HP: 19/19 MP: 1/1
   114 | D:1      | Found Cassett's Magic Scroll Shop.
   172 | D:1      | Reached XP level 2. HP: 26/27 MP: 2/2
   931 | D:2      | Reached skill level 3 in Axes
  1103 | D:2      | Noticed a bombardier beetle
  1279 | D:3      | Reached XP level 3. HP: 33/33 MP: 3/3
  2032 | D:1      | Bought a scroll of fog for 52 gold pieces
  2032 | D:1      | Bought a scroll of teleportation for 39 gold pieces
  2032 | D:1      | Bought a scroll of enchant weapon for 97 gold pieces
  2032 | D:1      | Bought a scroll of identify for 26 gold pieces
  2032 | D:1      | Bought a scroll of identify for 26 gold pieces
  2063 | D:2      | Reached skill level 4 in Axes
  2063 | D:2      | Reached XP level 4. HP: 40/40 MP: 4/4
  2106 | D:4      | Noticed a black bear
  2106 | D:4      | Noticed a scorpion
  2110 | D:3      | Killed a black bear
  2111 | D:3      | Reached skill level 5 in Axes
  2111 | D:3      | Reached XP level 5. HP: 43/46 MP: 5/5
  2128 | D:3      | Reached skill level 6 in Axes
  2172 | D:4      | Reached XP level 6. HP: 52/52 MP: 6/6
  2231 | D:4      | Found a hide-covered altar of Uskayaw.
  2268 | D:4      | Became a worshipper of Uskayaw the Reveller
  2438 | D:4      | Reached * piety under Uskayaw
  2439 | D:4      | Reached ** piety under Uskayaw
  2575 | D:4      | Noticed a steam dragon
  2585 | D:4      | Killed a steam dragon
  2585 | D:4      | Reached *** piety under Uskayaw
  2586 | D:4      | Reached skill level 7 in Axes
  2586 | D:4      | Reached skill level 1 in Invocations
  2586 | D:4      | Reached XP level 7. HP: 23/60 MP: 6/8
  3263 | D:5      | Entered Level 5 of the Dungeon
  3275 | D:5      | Found a glowing drain.
  3294 | Sewer    | Entered a sewer
  3529 | D:5      | Identified the +0 robe "Veklamiome" {rN++ Str+3 Dex-5}
  3593 | D:5      | Found a runed translucent door.
  3594 | D:5      | Noticed Crazy Yiuf
  3682 | D:5      | Reached **** piety under Uskayaw
  3683 | D:5      | Reached skill level 5 in Fighting
  3684 | D:5      | Reached skill level 8 in Axes
  3907 | D:5      | Got the Tractate on the Tektite and Resurrection
  3925 | D:5      | Reached skill level 1 in Stealth
  3925 | D:5      | Reached XP level 8. HP: 62/69 MP: 10/10
  4082 | D:5      | Reached skill level 5 in Armour
  4299 | D:5      | Found a staircase to the Ecumenical Temple.
  4306 | Temple   | Entered the Ecumenical Temple
  4673 | D:1      | Bought 2 scrolls of enchant weapon for 195 gold pieces
  5064 | D:5      | Killed Crazy Yiuf
  5493 | D:6      | Reached skill level 9 in Axes
  5505 | D:6      | Found a snail-covered altar of Cheibriados.
  6068 | D:6      | Found an ancient bone altar of Kikubaaqudgha.
  6068 | D:6      | Found a shimmering blue altar of Sif Muna.
  6321 | D:7      | Noticed Joseph
  6331 | D:7      | Killed Joseph
  6332 | D:7      | Reached skill level 10 in Axes
  6332 | D:7      | Reached skill level 1 in Dodging
  6332 | D:7      | Reached skill level 5 in Invocations
  6332 | D:7      | Reached XP level 9. HP: 51/78 MP: 11/13
  6416 | D:7      | Noticed Maggie
  6421 | Abyss:1  | Cast into level 1 of the Abyss (Maggie)
  6529 | Abyss:1  | Noticed an ancient zyme
  6532 | Abyss:1  | Noticed a wretched star
  6546 | Abyss:1  | Gained mutation: Your magical capacity is low. (-10% MP) [a
                  | neqoxec]
  6547 | Abyss:1  | Gained mutation: Potions are less effective at restoring
                  | your health. [a neqoxec]
  6549 | Abyss:1  | Killed from afar by a wretched star

Illustrated notes

Levels and vault maps discovered:
D:1:      shiori_arrival_oz, layout_basic, serial_shops, shop
D:2:      layout_loops_ring, minivault_27
D:3:      layout_basic, minmay_gold_behind_fungi
D:4:      layout_loops_ring, nicolae_uskayaw_murder_on_the_dancefloor,
          dreamdust_mushroom_princess, bh_walls_and_bars
D:5:      layout_loops_ring, minmay_temple_entry_trees, portal_sewer_entry_b,
          nicolae_eternal_life, st_stairs_1,
          hangedman_abyss_or_decor_jellyfish_corner, uniq_crazy_yiuf_cottage
D:6:      layout_basic, lemuel_doored_altar, gammafunk_temple_overflow_statue,
          nicolae_the_louvre
D:7:      layout_cave_pods, nicolae_phantomly_mirrored, uniq_maggie,
          uniq_jeremiah, uniq_joseph, uniq_duvessa
Temple:   dpeg_five_rooms_temple
Abyss:1:  base:
D:2

Skill      XL: |  1  2  3  4  5  6  7  8 |
---------------+-------------------------+-----
Axes           | 3 4 5 6 7 8 10 | 10.4
Fighting       | 4 5 6 |  6.5
Armour         | 4 6 |  6.2
Shields        | 4 |  4.4
Invocations    | 1 3 5 |  5.3
Stealth        | 1 |  1.6
Dodging        | 1 |  1.0

Action                     |  1- 3 |  4- 6 |  7- 9 || total
---------------------------+-------+-------+-------++-------
  Melee: War axe           |    69 |    40 |   154 ||   263
    Use: Scroll            |     4 |       |    14 ||    18
         Potion            |       |       |     1 ||     1
   Stab: Paralysed         |       |       |     8 ||     8
 Armour: Scale mail        |    10 |       |       ||    10
         Chain mail        |    42 |    41 |    88 ||   171
  Dodge: Dodged            |    24 |    15 |    82 ||   121
  Block: Buckler           |    16 |    14 |    27 ||    57
